 Dungeon Crawl Stone Soup version 0.28-a0-1234-g826d19b2e0 (webtiles) character file.

Game seed: 18299490617795210420

55426 r3xj the Warrior (level 14, -1/141 HPs)
             Began as a Minotaur Fighter on Dec 23, 2021.
             Was the Champion of Okawaru.
             Succumbed to an orange demon's poison
             ... on level 6 of the Lair of Beasts.
             The game lasted 00:59:31 (22258 turns).

r3xj the Warrior (Minotaur Fighter)                Turns: 22258, Time: 00:59:31

Health: -1/141     AC: 19    Str: 25    XL:     14   Next: 38%
Magic:  12/13      EV: 14    Int:  5    God:    Okawaru [******]
Gold:   561        SH: 13    Dex: 11    Spells: 13/13 levels left

rFire   . . .      SeeInvis +   x - +12 spear "Ryem Toint" {holy, rCorr SInv}
rCold   . . .      Faith    +   U - +1 kite shield {reflect}
rNeg    + . .      Spirit   .   u - +1 scale mail {rN+}
rPois   .          Reflect  +   L - +1 hat
rElec   .          Harm     .   n - +0 cloak
rCorr   +          Rampage  .   C - +1 pair of gloves
Will    +....                   (no boots)
Stlth   ..........              l - amulet of faith
HPRegen 0.33/turn               s - ring of see invisible
MPRegen 0.13/turn               y - +4 ring of protection

@: lethally poisoned (-1 -> -6)
A: horns 2, retaliatory headbutt
a: Renounce Religion, Heroism, Finesse, Duel


You were on level 6 of the Lair of Beasts.
You worshipped Okawaru.
Okawaru was exalted by your worship.
You visited 3 branches of the dungeon, and saw 20 of its levels.

You collected 1171 gold pieces.
You spent 610 gold pieces at shops.

Inventory:

Hand Weapons
 m - a +3 quarterstaff of chaos
 p - a +3 broad axe of flaming
 x - the +12 spear "Ryem Toint" (weapon) {holy, rCorr SInv}
   (You found it on level 5 of the Dungeon)

   It has been blessed by the Shining One to cause great damage to the undead
   and demons.
   SInv:      It lets you see invisible.
   rCorr:     It protects you from acid and corrosion.
 J - a +0 morningstar
 O - a +1 trident of protection
 R - a +0 vampiric glaive
Missiles
 v - 7 throwing nets (quivered)
 P - 6 curare-tipped darts
Armour
 a - a +0 tower shield of protection
 g - the +5 ring mail "Tutucl Pegoa" {+Inv rN+ Will- Str+4}
   (Okawaru gifted it to you on level 6 of the Lair of Beasts)

   Str:       It affects your strength (+4).
   rN:        It protects you from negative energy.
   +Inv:      It lets you turn invisible.
   Will:      It decreases your willpower.
 n - a +0 cloak (worn)
 u - a +1 scale mail of positive energy (worn)
 C - a +1 pair of gloves (worn)
 F - a +0 plate armour
 L - a +1 hat (worn)
 U - a +1 kite shield of reflection (worn)
Jewellery
 c - a ring of flight
 l - an amulet of faith (around neck)
 r - an amulet of the acrobat
 s - a ring of see invisible (left hand)
 y - a +4 ring of protection (right hand)
 H - a ring of protection from fire
 K - a ring of protection from cold
 M - a +6 ring of intelligence
 Y - the ring "Ewni" {rN+ Will- MP+9 SInv}
   (You found it on level 6 of the Lair of Beasts)

   [ring of magical power]

   rN:        It protects you from negative energy.
   MP:        It affects your magic capacity (+9).
   SInv:      It lets you see invisible.
   Will:      It decreases your willpower.
Wands
 k - a wand of digging (14)
Scrolls
 b - a scroll of summoning
 f - 5 scrolls of enchant weapon
 h - 8 scrolls of teleportation
 o - 2 scrolls of silence
 t - 2 scrolls of acquirement
 w - 2 scrolls of amnesia
 E - 4 scrolls of enchant armour
 Q - 2 scrolls of fear
 T - 8 scrolls of identify
 X - 3 scrolls of fog
 Z - 2 scrolls of brand weapon
Potions
 d - 2 potions of might
 e - 10 potions of curing
 i - 4 potions of haste
 j - 5 potions of heal wounds
 z - 4 potions of flight
 B - 2 potions of mutation
 D - 5 potions of berserk rage
 G - 2 potions of brilliance
 N - 2 potions of invisibility
 V - 2 potions of cancellation


   Skills:
 + Level 17.8 Fighting
 - Level 7.1 Maces & Flails
 - Level 12.0 Polearms
 + Level 12.3 Armour
 + Level 10.6 Dodging
 * Level 13.6 Shields


You had 13 spell levels left.
You didn't know any spells.
Your spell library contained the following spells:

 Spells                   Type           Power      Damage    Failure   Level
 Freeze                   Ice            0%         1d3       77%         1
 Pain                     Necr           0%         1d4       77%         1
 Blink                    Tloc           0%         N/A       88%         2
 Sublimation of Blood     Necr           0%         N/A       88%         2
 Wereblood                Tmut           0%         N/A       88%         2
 Frozen Ramparts          Ice            0%         1d2       98%         3
 Ignite Poison            Fire/Tmut/Pois 0%         N/A       98%         3
 Mephitic Cloud           Conj/Pois/Air  0%         N/A       98%         3
 Ozocubu's Armour         Ice            0%         N/A       98%         3
 Vampiric Draining        Necr           0%         2d6       98%         3
 Hailstorm                Conj/Ice       0%         3d3       100%        4
 Olgreb's Toxic Radiance  Pois           0%         N/A       100%        4
 Freezing Cloud           Conj/Ice/Air   0%         6-21      100%        5
 Manifold Assault         Tloc           0%         N/A       100%        5
 Metabolic Englaciation   Hex/Ice        0%         N/A       100%        5
 Ozocubu's Refrigeration  Ice            0%         4d5       100%        7
 Storm Form               Tmut/Air       0%         N/A       100%        7
 Ignition                 Fire           0%         3d3       100%        8
 Animate Skeleton         Necr           Unusable   N/A       N/A         1
 Simulacrum               Ice/Necr       Unusable   N/A       N/A         6
 Summon Hydra             Summ           Unusable   N/A       N/A         7

Dungeon Overview and Level Annotations

Branches:
Dungeon (13/15)            Temple (1/1) D:4            Lair (6/6) D:9
 Shoals (0/4) Lair:2       Spider (0/4) Lair:4          Orc (0/2) D:12
  Slime: Lair:5-6    Vaults: D:13-14

Altars:
Ashenzari
Cheibriados
Dithmenos
Elyvilon
Fedhas
Gozag
Hepliaklqana
Kikubaaqudgha
Makhleb
Nemelex Xobeh
Okawaru
Qazlal
Ru
Sif Muna
Trog
Uskayaw
Vehumet
Wu Jian
Xom
Yredelemnul
Zin
The Shining One

Shops:
D:2 *::??

Annotations:
D:7 2 transporters, ragingrage's ghost, novice OgFE
D:9 3 runed translucent doors, Pooter's ghost, novice MiCK
Lair:5 exclusion: 2 oklob plants


Innate Abilities, Weirdness & Mutations

You have a pair of horns on your head.
You reflexively headbutt those who attack you in melee.


Message History

The ice devil is severely wounded.
You feel sick. You block the ice devil's attack.
You impale the ice devil!!
You kill the ice devil!
Okawaru accepts your kill.
You feel sick.
You hit the ice devil.
The ice devil convulses.
You headbutt the ice devil, but do no damage.
The ice devil is moderately wounded.
You feel sick.
You hit the ice devil but do no damage.
The ice devil is moderately wounded.
You feel sick. You block the ice devil's attack.
You barely miss the ice devil.
The ice devil is moderately wounded.
You feel like a meek peon again.
You feel sick.
You hit the ice devil.
The ice devil convulses.
You headbutt the ice devil.
The ice devil is heavily wounded.
You feel sick. You block the ice devil's attack.
You block the hell hound's attack.
You hit the ice devil but do no damage.
The ice devil is heavily wounded.
You feel sick. You block the hell hound's attack.
You hit the ice devil but do no damage.
The ice devil is heavily wounded.
You feel sick. The ice devil hits you. The ice devil freezes you!!
* * * LOW HITPOINT WARNING * * *
You block the orange demon's attack. You block the hell hound's attack.
You puncture the ice devil!
The ice devil convulses.
The ice devil is almost dead.
You feel sick. The ice devil hits you!
* * * LOW HITPOINT WARNING * * *
The ice devil freezes you!!
* * * LOW HITPOINT WARNING * * *
Okay, then.
Blink to where?
Press: ? - help, Dir - move target
As you read the scroll of blinking, it crumbles to dust.
You die...

≈≈§§.§...#........#
......§33#..8.8...#
.§.._..4)4...#.8..#
§...4..4h#4h#.8...#
≈§.......#§..8)#..#
###############..8.#...#
#.............'...8.8..#
#....8....8...#........#♣
#...........@.#########'♣♣♣♣♣
#######'†###### ♣♣♣.♣♣.♣
♣......♣ ♣♣♣...†... ♣♣...♣♣♣
♣♣♣....♣♣♣.. ♣♣♣..♣♣♣
♣♣...♣♣♣♣ ♣♣♣ ♣♣♣..♣♣♣♣♣..[♣♣
♣♣♣..♣♣..♣♣♣ ♣♣♣....♣ ♣♣...♣


You could see a hell hound.

Vanquished Creatures
  Rupert (Lair:5)
  A dire elephant (Lair:6)
  A fire dragon (D:9)
  Erolcha (D:9)
  10 hydras
  2 boulder beetles
  Harold (D:8)
  5 two-headed ogres
  7 death yaks
  A sun demon (Lair:6)
  A wizard (Lair:6)
  A lindwurm (Lair:5)
  Pikel (D:5)
  2 cyclopes (D:12)
  A manticore (D:11)
  A merfolk siren (Lair:2)
  Joseph (D:8)
  11 elephants
  9 cane toads
  11 black mambas
  A torpor snail (Lair:3)
  3 gargoyles
  3 rime drakes (Lair:6)
  3 kobold demonologists (D:11)
  Psyche (D:9)
  10 komodo dragons
  A merfolk (Lair:2)
  An ice devil (Lair:6)
  2 red devils (Lair:6)
  3 trolls
  2 hornets
  8 slime creatures
  13 blink frogs
  2 redbacks (Lair:4)
  A spriggan (D:8)
  4 wyverns
  A vampire (D:10)
  19 yaks
  4 basilisks
  Grum (Lair:1)
  A steam dragon (D:6)
  20 water moccasins
  An acid dragon (D:8)
  4 orc warriors
  An ice beast (D:8)
  7 necrophages
  10 wolves
  2 lemures (D:5)
  5 centaurs
  2 kobold brigands (D:11)
  2 scorpions
  A wyvern zombie (D:6)
  16 bullfrogs
  A gnoll sergeant (D:11)
  A wyvern skeleton (D:5)
  5 wights (D:7)
  An electric eel (D:9)
  5 hounds
  3 centaur zombies
  A gnoll shaman (D:7)
  7 orc priests
  Crazy Yiuf (D:2)
  A jelly (D:6)
  A centaur skeleton (D:5)
  An iguana (D:4)
  11 orc wizards
  6 hell rats (Lair:4)
  A hound skeleton (D:4)
  3 howler monkey zombies (D:9)
  17 gnolls
  8 adders
  A shadow imp (D:7)
  A white imp (D:7)
  A worm (D:2)
  6 dart slugs
  60 orcs
  7 ball pythons
  7 endoplasms
  2 giant cockroaches
  5 goblins
  7 hobgoblins
  3 jackals (D:2)
  9 kobolds
  6 quokkas
  6 bats
  3 frilled lizards
  5 rats
427 creatures vanquished.

Vanquished Creatures (others)
  4 fungi (Lair:6)
  15 plants
19 creatures vanquished.

Grand Total: 446 creatures vanquished

Notes
Turn   | Place    | Note
-------+----------+-------------------------------------------
     0 | D:1      | r3xj the Minotaur Fighter began the quest for the Orb.
     0 | D:1      | Reached XP level 1. HP: 19/19 MP: 0/0
   422 | D:1      | Reached XP level 2. HP: 27/27 MP: 1/1
   431 | D:1      | Found a faded altar of an unknown god.
   867 | D:2      | Found Sedyxt's Magic Scroll Emporium.
   916 | D:2      | Found Okli's Book Shop.
   986 | D:2      | Reached skill level 4 in Fighting
   986 | D:2      | Reached XP level 3. HP: 25/33 MP: 2/2
  1109 | D:2      | Found Utsack's Magic Scroll Boutique.
  1234 | D:2      | Found Amipep's Assorted Antiques.
  1269 | D:2      | Found Guuts's Book Emporium.
  1332 | D:2      | Found a runed translucent door.
  1333 | D:2      | Noticed Crazy Yiuf
  1455 | D:2      | Reached XP level 4. HP: 29/40 MP: 3/3
  1652 | D:2      | Killed Crazy Yiuf
  1978 | D:3      | Found a glowing silver altar of Zin.
  2349 | D:3      | Found a faded altar of an unknown god.
  2393 | D:3      | Found a stormy altar of Qazlal.
  2408 | D:3      | Reached skill level 5 in Maces & Flails
  2408 | D:3      | Reached XP level 5. HP: 47/47 MP: 4/4
  2714 | D:4      | Noticed a yak
  2734 | D:4      | Reached skill level 5 in Fighting
  3328 | D:4      | Found a staircase to the Ecumenical Temple.
  3362 | Temple   | Entered the Ecumenical Temple
  3650 | D:4      | Reached XP level 6. HP: 56/56 MP: 5/5
  4110 | D:5      | Entered Level 5 of the Dungeon
  4226 | D:5      | Found an iron altar of Okawaru.
  4247 | D:5      | Identified the +12 spear "Ryem Toint" {holy, rCorr SInv}
  4251 | D:5      | Became a worshipper of Warmaster Okawaru
  4257 | D:5      | Reached skill level 6 in Fighting
  4264 | D:5      | Reached XP level 7. HP: 60/64 MP: 6/6
  4532 | D:5      | Noticed Pikel
  4544 | D:5      | Killed Pikel
  4544 | D:5      | Reached * piety under Okawaru
  4545 | D:5      | Reached skill level 7 in Fighting
  4545 | D:5      | Reached skill level 5 in Polearms
  4545 | D:5      | Reached XP level 8. HP: 50/74 MP: 7/7
  4734 | D:5      | Reached skill level 8 in Fighting
  5199 | D:6      | Reached ** piety under Okawaru
  5471 | D:6      | Reached skill level 9 in Fighting
  6137 | D:7      | Noticed a toenail golem
  6147 | D:7      | Found a transporter.
  6163 | D:7      | Found a transporter.
  6183 | D:7      | Noticed a small abomination
  6252 | D:7      | Noticed a slime creature
  6253 | D:7      | Noticed a slime creature
  6254 | D:7      | Noticed a slime creature
  6371 | D:6      | Killed a slime creature
  6372 | D:6      | Reached XP level 9. HP: 47/85 MP: 8/8
  6428 | D:6      | Reached skill level 10 in Fighting
  6429 | D:6      | Reached *** piety under Okawaru
  6870 | D:7      | Reached skill level 11 in Fighting
  6967 | D:7      | Noticed ragingrage's ghost (novice OgFE)
  7162 | D:8      | Reached skill level 10 in Polearms
  7225 | D:8      | Noticed Joseph
  7249 | D:8      | Killed Joseph
  7249 | D:8      | Reached **** piety under Okawaru
  7274 | D:8      | Reached skill level 12 in Fighting
  7520 | D:8      | Reached XP level 10. HP: 97/97 MP: 9/9
  7713 | D:8      | Found a shimmering blue altar of Sif Muna.
  7715 | D:8      | Found an opulent altar of Gozag.
  7737 | D:8      | Noticed Harold
  7763 | D:8      | Killed Harold
  8309 | D:9      | Reached ***** piety under Okawaru
  8342 | D:9      | Found a staircase to the Lair.
  8376 | D:9      | Noticed a fire dragon
  8412 | D:9      | Killed a fire dragon
  8413 | D:9      | Reached skill level 13 in Fighting
  8804 | D:9      | Noticed Erolcha
  8851 | D:9      | Killed Erolcha
  8852 | D:9      | Reached skill level 14 in Fighting
  8959 | D:9      | Found a runed translucent gate.
  8959 | D:9      | Found a runed translucent gate.
  8959 | D:9      | Found a runed translucent gate.
  8959 | D:9      | Noticed Pooter's ghost (novice MiCK)
  8961 | D:9      | Found a basalt altar of Yredelemnul.
  9273 | D:9      | Reached skill level 1 in Dodging
  9385 | D:9      | Noticed Psyche
  9392 | D:9      | Killed Psyche
  9392 | D:9      | Received a gift from Okawaru
  9677 | D:10     | Entered Level 10 of the Dungeon
  9965 | D:10     | Noticed a two-headed ogre
  9981 | D:10     | Killed a two-headed ogre
  9982 | D:10     | Reached skill level 5 in Armour
  9982 | D:10     | Reached XP level 11. HP: 84/111 MP: 7/10
 10177 | D:10     | Found a glowing golden altar of the Shining One.
 10557 | D:10     | Noticed a two-headed ogre
 10953 | D:10     | Killed a two-headed ogre
 11641 | D:10     | Found a glowing golden altar of the Shining One.
 12157 | D:11     | Noticed a two-headed ogre
 12165 | D:11     | Killed a two-headed ogre
 12165 | D:11     | Received a gift from Okawaru
 12224 | D:11     | Reached skill level 15 in Fighting
 12295 | D:11     | You fall into a shaft and drop 2 floors!
 12375 | D:11     | Reached skill level 5 in Dodging
 12790 | D:11     | Noticed a two-headed ogre
 12795 | D:11     | Killed a two-headed ogre
 12998 | D:11     | Noticed a boulder beetle
 13020 | D:11     | Killed a boulder beetle
 13020 | D:11     | Received a gift from Okawaru
 13583 | D:12     | Found a staircase to the Orcish Mines.
 13641 | D:12     | Reached skill level 5 in Shields
 13839 | D:12     | Reached XP level 12. HP: 122/122 MP: 11/11
 14300 | D:12     | Noticed a two-headed ogre
 14306 | D:12     | Killed a two-headed ogre
 14712 | D:2      | Bought a scroll of enchant weapon for 90 gold pieces
 14712 | D:2      | Bought a scroll of fog for 24 gold pieces
 14712 | D:2      | Bought a scroll of teleportation for 36 gold pieces
 14712 | D:2      | Bought a scroll of noise for 12 gold pieces
 14712 | D:2      | Bought a scroll of identify for 24 gold pieces
 14746 | D:2      | Bought a scroll of identify for 24 gold pieces
 14746 | D:2      | Bought a scroll of identify for 24 gold pieces
 14746 | D:2      | Bought a scroll of brand weapon for 240 gold pieces
 14746 | D:2      | Bought a scroll of teleportation for 36 gold pieces
 14787 | D:2      | Bought a scroll of identify for 50 gold pieces
 14787 | D:2      | Bought a scroll of identify for 50 gold pieces
 14937 | Lair:1   | Entered Level 1 of the Lair of Beasts
 14978 | Lair:1   | Noticed a six-headed hydra
 14987 | Lair:1   | Killed a six-headed hydra
 15159 | Lair:1   | Noticed Grum
 15178 | Lair:1   | Killed Grum
 15179 | Lair:1   | Reached skill level 16 in Fighting
 15626 | Lair:1   | Received a gift from Okawaru
 16005 | Lair:2   | Noticed a six-headed hydra
 16015 | Lair:2   | Killed a six-headed hydra
 16559 | Lair:2   | Found a staircase to the Shoals.
 17014 | Lair:3   | Reached ****** piety under Okawaru
 17025 | Lair:3   | Reached skill level 10 in Armour
 17253 | Lair:3   | Noticed a death yak
 17267 | Lair:3   | Killed a death yak
 17347 | Lair:3   | Noticed a death yak
 17364 | Lair:3   | Killed a death yak
 17365 | Lair:3   | Reached XP level 13. HP: 100/130 MP: 9/12
 17530 | Lair:3   | Received a gift from Okawaru
 17877 | Lair:3   | Reached skill level 10 in Shields
 18734 | Lair:4   | Reached skill level 17 in Fighting
 18993 | Lair:4   | Found a hole to the Spider Nest.
 19813 | Lair:5   | Received a gift from Okawaru
 19870 | Lair:5   | Received a gift from Okawaru
 20052 | Lair:5   | Noticed Rupert
 20056 | Lair:5   | Paralysed by Rupert for 3 turns
 20071 | Lair:5   | Killed Rupert
 20072 | Lair:5   | Reached skill level 10 in Dodging
 20334 | Lair:5   | Reached XP level 14. HP: 122/140 MP: 13/13
 20779 | Lair:5   | Identified 2 scrolls of acquirement
 20785 | Lair:6   | Entered Level 6 of the Lair of Beasts
 21099 | Lair:6   | Identified the ring "Ewni" {rN+ Will- MP+9 SInv}
 21176 | Lair:6   | Upgraded the game from 0.28-a0-1227-ga9037bb4c8 to
                  | 0.28-a0-1234-g826d19b2e0
 21678 | Lair:6   | Identified the +5 ring mail "Tutucl Pegoa" {+Inv rN+ Will-
                  | Str+4} (Okawaru gifted it to you on level 6 of the Lair of
                  | Beasts)
 21678 | Lair:6   | Received a gift from Okawaru
 22197 | Lair:6   | Found a burning altar of Makhleb.
 22257 | Lair:6   | HP: 1/141 [ice devil (18)]
 22258 | Lair:6   | Succumbed to an orange demon's poison

Illustrated notes

Levels and vault maps discovered:
D:1:      elethiomel_arrival_maze, layout_loops_ring,
          shapermc_ecumenical_altar_mp_highgroup
D:2:      layout_rooms, serial_shops, nicolae_shop_overgrown_old_shop,
          nicolae_shop_trees, shop, shop, shop, minmay_misc_feat_roman,
          uniq_crazy_yiuf_cottage
D:3:      layout_basic, nicolae_overflow_ecumenical_swirl,
          mainiacjoe_overflow_concentric_impassable, kennysheep_boxes
D:4:      minmay_recursive_quarters, layout_rooms, minivault_26
D:5:      layout_cave_pools, okawaru_ov_weapons_minmay,
          grunt_decor_mini_mirrors, uniq_pikel
D:6:      layout_basic
D:7:      layout_basic, gammafunk_ghost_abyssal_escape
D:8:      layout_loops_corners, chequers_temple_overflow_statue_of_worship,
          the_hattery, uniq_harold, uniq_joseph
D:9:      layout_basic, nicolae_yredelemnul_ghost_church,
          minmay_lair_entry_lava, uniq_psyche, uniq_erolcha
D:10:     layout_long_grid, lemuel_crystal_altar
D:11:     layout_loops_corners, minmay_stone_trees_small
D:12:     layout_basic, hiddenorc2_lemuel
D:13:     layout_stronghold
Temple:   regret_index_temple_generic_petals
Lair:1:   layout_gridlike, uniq_grum
Lair:2:   layout_loops_ring, elwin_shoals_entry_rooms
Lair:3:   layout_concentric_octagons, roderic_carrion_pond
Lair:4:   beast_lair_carwin_large_3, layout_loops_ring, spider_nest_entry_webs,
          grunt_megastairs_5, lemuel_fruit_tree
Lair:5:   dpeg_oklob_gauntlet, layout_long_grid, chequers_serial_rivers_large_b,
          uniq_rupert
Lair:6:   evil_forest, layout_long_grid, slime_altar_1,
          nicolae_lair_grove_arrangements

Skill      XL: |  1  2  3  4  5  6  7  8  9 10 11 12 13 14 |
---------------+-------------------------------------------+-----
Maces & Flails | 3 4 5 6 7 |  7.1
Fighting       | 4 5 6 7 9 12 14 15 16 17 | 17.8
Armour         | 4 5 8 10 11 12 | 12.3
Shields        | 4 5 9 12 13 | 13.6
Polearms       | 2 5 7 10 12 | 12.0
Dodging        | 2 6 8 10 | 10.6

Action                   |  1- 3 |  4- 6 |  7- 9 | 10-12 | 13-15 || total
-------------------------+-------+-------+-------+-------+-------++-------
Melee: Flail             |    77 |   139 |       |       |       ||   216
       Headbutt          |     9 |    22 |    26 |   141 |   138 ||   336
       Spear             |       |     5 |   148 |   622 |   588 ||  1363
Invok: Heroism           |       |       |       |    10 |     4 ||    14
Evoke: Wand              |       |       |       |       |     1 ||     1
  Use: Scroll            |       |       |       |    22 |     4 ||    26
Armor: Scale mail        |    33 |    45 |    15 |   121 |   162 ||   376
Dodge: Dodged            |    42 |    60 |    20 |   115 |   179 ||   416
Block: Buckler           |    18 |    40 |    12 |    30 |       ||   100
       Kite shield       |       |       |       |    92 |   236 ||   328
       Reflection        |       |       |       |     2 |     1 ||     3

Table legend: (Time is in decaauts)
 A = Elapsed time spent in this place.
 B = Non-inter-level travel time spent in this place.
 C = Inter-level travel time spent in this place.
 D = Time resting spent in this place.
 E = Time spent auto-exploring this place.
 F = Levels seen in this place.
 G = Mean time per level.
                   A        B        C        D        E       F      G
               +--------+--------+--------+--------+--------+-----+--------+
         Total |  21792 |  20673 |   1119 |   1383 |  16471 |  20 | 1089.6 |
       Dungeon |  14509 |  13524 |    985 |   1319 |  10255 |  13 | 1116.1 |
        Temple |    261 |    238 |     23 |      0 |    234 |   1 |  261.0 |
          Lair |   7022 |   6912 |    110 |     63 |   5982 |   6 | 1170.3 |
               +--------+--------+--------+--------+--------+-----+--------+

Top non-repeatable levels by time:
    D:10: 2008 daAuts
     D:8: 1636 daAuts
    D:11: 1508 daAuts
  Lair:6: 1387 daAuts
  Lair:4: 1381 daAuts
     D:9: 1249 daAuts
     D:2: 1216 daAuts
  Lair:5: 1203 daAuts
     D:6: 1125 daAuts
     D:4: 1122 daAuts
    D:12: 1105 daAuts
  Lair:3: 1084 daAuts
  Lair:2: 1013 daAuts
  Lair:1: 951 daAuts
     D:5: 911 daAuts
